Cogmind - Beta 13 @@@ ROGUE MODE // 2024.06.15 @ 15:07:12 // Winter2019/RPGLIKE Player: admiral_len Result: Destroyed by G-73 Enforcer with Heavy Laser Performance ------------- Evolutions (8) 4000 Regions Visited (19) 3800 Robots Destroyed (468) 2340 Value Destroyed (21614) 21614 Prototype IDs (12) 240 Alien Tech Used (0) 0 Bonus (11896) 11896 TOTAL SCORE: 43890 Bonus ------- Triggered High Security 1000 High Alert Combat Kills 7976 Follower Combat Kills 106 Entered Garrisons 200 Entered DSFs 1000 Acquired ECA 300 MAIN.C Attacked Warlord 500 Warlord Defense Kills 814 Cogmind --------- Core Integrity 0/2500 Matter 300/300 Energy 16/780 System Corruption 10% Temperature Cool (40) Movement Treading (160) Location -2/Research Parts ------- > --- POWER (3) -------- Light Quantum Reactor Light Quantum Reactor > --- PROPULSION (4) --- High-density Centrium Heavy Treads High-density Centrium Heavy Treads > --- UTILITY (5) ------ Improved Transmission Jammer Improved Remote Force Field > --- WEAPON (4) ------- Vortex Rail Vortex Rail Enhanced Quantum Rifle Enhanced Quantum Rifle > --- INVENTORY (2) ---- Enhanced Quantum Rifle Peak State ------------ > --- POWER ------------ Light Quantum Reactor Light Quantum Reactor Light Quantum Reactor > --- PROPULSION ------- High-density Centrium Heavy Treads High-density Centrium Heavy Treads > --- UTILITY ---------- Improved Particle Charger Improved Particle Charger Improved Transmission Jammer Improved Phase Shifter Improved Remote Force Field > --- WEAPON ----------- Enhanced Quantum Rifle Enhanced Quantum Rifle Enhanced Quantum Rifle Enhanced Quantum Rifle > --- INVENTORY -------- Vortex Rail Vortex Rail [Rating: 135] Favorites ----------- Power Light Antimatter Reactor Engine Reinforced Deuterium Engine Power Core Cooled Fission Core Reactor Light Antimatter Reactor Propulsion Improved Heavy Treads Treads Improved Heavy Treads Utility Improved Particle Charger Device Improved Particle Charger Hackware Hacking Suite Protection Improved Light Armor Plating Weapon Plasma Rifle Energy Gun Plasma Rifle Energy Cannon Matter Neutralizer Ballistic Gun Shotgun Launcher Thermoblaster Build | -11 -10 -10 -9 -9 -8 -7 -7 -6 -6 -6 -5 -5 -5 -5 -4 -4 -3 -3 -2 ------- Run | Yrd Mat Min Mat Min Mat Fac DSF Fac Gar Fac Fac Upp Upp War Pro Fac Res DSF Res Slots Evolved 12 | 3 1 . 2 1 1 . 1 . 1 . 1 . . . . 1 . . . Power 2 | . . . . . . . . . 1 . . . . . . 1 . . . Propulsion 3 | 1 . . . . . . 1 . . . 1 . . . . . . . . Utility 4 | 1 . . 2 1 . . . . . . . . . . . . . . . Weapon 3 | 1 1 . . . 1 . . . . . . . . . . . . . . Parts Attached 144 | 5 11 1 17 2 19 . 8 17 13 5 3 1 2 8 . 7 . 13 12 Power 32 | 1 1 1 . . 4 . 1 3 3 3 2 . . 1 . 3 . 9 . Engine 6 | 1 . . . . 4 . 1 . . . . . . . . . . . . Core 11 | . 1 1 . . . . . 2 2 2 1 . . . . 1 . 1 . Reactor 15 | . . . . . . . . 1 1 1 1 . . 1 . 2 . 8 . Propulsion 21 | 2 . . 5 . 1 . 3 2 3 1 1 . . . . . . . 3 Treads 21 | 2 . . 5 . 1 . 3 2 3 1 1 . . . . . . . 3 Leg . | . . . . . . . . . . . . . . . . . . . . Wheel . | . . . . . . . . . . . . . . . . . . . . Hover . | . . . . . . . . . . . . . . . . . . . . Flight . | . . . . . . . . . . . . . . . . . . . . Utility 34 | . 3 . 4 2 7 . 3 5 4 1 . 1 1 1 . . . . 2 Device 18 | . 2 . . 1 . . 2 3 4 1 . 1 1 1 . . . . 2 Storage . | . . . . . . . . . . . . . . . . . . . . Processor . | . . . . . . . . . . . . . . . . . . . . Hackware 6 | . . . 2 . 2 . . 2 . . . . . . . . . . . Protection 10 | . 1 . 2 1 5 . 1 . . . . . . . . . . . . Artifact . | . . . . . . . . . . . . . . . . . . . . Weapon 57 | 2 7 . 8 . 7 . 1 7 3 . . . 1 6 . 4 . 4 7 Energy Gun 49 | 1 3 . 8 . 7 . 1 7 3 . . . 1 4 . 4 . 4 6 Energy Cannon 1 | . . . . . . . . . . . . . . . . . . . 1 Ballistic Gun 5 | 1 4 . . . . . . . . . . . . . . . . . . Ballistic Cannon . | . . . . . . . . . . . . . . . . . . . . Launcher 2 | . . . . . . . . . . . . . . 2 . . . . . Special Weapon . | . . . . . . . . . . . . . . . . . . . . Impact Weapon . | . . . . . . . . . . . . . . . . . . . . Slashing Weapon . | . . . . . . . . . . . . . . . . . . . . Piercing Weapon . | . . . . . . . . . . . . . . . . . . . . Special Melee Weapon . | . . . . . . . . . . . . . . . . . . . . Unidentified Prototypes 10 | . . . 1 1 2 . 1 1 . 1 1 . . 1 . . . . 1 Parts Lost 3 | . . . . . . . . . . . . . . . . . . . 3 Power . | . . . . . . . . . . . . . . . . . . . . Propulsion . | . . . . . . . . . . . . . . . . . . . . Utility 3 | . . . . . . . . . . . . . . . . . . . 3 Weapon . | . . . . . . . . . . . . . . . . . . . . Highest Loss Streak 2 | . . . . . . . . . . . . . . . . . . . 2 To Critical Strikes . | . . . . . . . . . . . . . . . . . . . . Average Slot Usage (%) 92 | . 95 100 99 90 97 100 99 99 97 88 86 86 85 85 86 86 87 85 82 Engine 1 | . 3 . . . 8 8 7 2 . . . . . . . . . . . Core 5 | . 10 12 10 9 . . . 4 5 6 6 6 6 6 6 6 6 1 . Reactor 4 | . . . . . . . . . 4 3 6 6 6 5 6 10 12 15 17 Treads 17 | . 27 25 21 18 16 16 22 22 20 14 13 13 13 13 13 12 12 12 12 Device 21 | . 12 12 10 9 8 8 9 16 27 35 33 33 32 33 33 31 31 31 26 Hackware 5 | . . . 14 9 13 16 15 12 7 . . . . . . . . . . Protection 5 | . 11 12 10 17 16 16 12 7 1 . . . . . . . . . . Energy Gun 27 | . 17 37 31 27 31 33 29 29 29 28 26 26 26 21 26 25 25 24 24 Naked Turns . | . . . . . . . . . . . . . . . . . . . . Heaviest Build 100 | 9 17 17 21 21 33 33 48 54 56 59 61 60 61 85 77 91 91 96 100 Greatest Support 180 | 40 40 40 46 46 46 46 84 84 105 105 150 150 150 150 150 150 150 150 180 Greatest Overweight (x) 1 | . . . . . . . 1 1 . . . . . . . . . . . Average Overweight (x) . | . . . . . . . . . . . . . . . . . . . . Largest Inventory Capacity 2 | . . . . . . . . . 2 2 2 2 2 2 2 2 2 2 2 Average Capacity . | . . . . . . . . . . 2 2 2 2 2 2 2 2 2 2 Most Carried 2 | . . . . . . . . . 2 2 2 1 1 2 2 2 2 2 2 Average Carried . | . . . . . . . . . . 2 . . . . 2 2 2 2 1 Final Capacity 2 | . . . . . . . . . 2 2 2 2 2 2 2 2 2 2 2 Final Carried 2 | . . . . . . . . . 2 2 . . . 2 2 2 2 2 1 Class Distribution -------------------- 30% | Scavenger-Gunner 21% | Scavenger-Tank 19% | Hacker-Tank 13% | Gunner 7% | Tank 6% | Mutant Dominant Class ---------------- Mutant | -10/Materials Gunner | -10/Mines Scavenger-Tank | -9/Materials Tank | -9/Mines Hacker-Tank | -8/Materials Hacker-Tank | -7/Factory Hacker-Tank | -7/DSF Hacker-Tank | -6/Factory Scavenger-Tank | -6/Garrison Scavenger-Tank | -6/Factory Scavenger-Gunner | -5/Factory Scavenger-Gunner | -5/Upper Caves Scavenger-Gunner | -5/Upper Caves Scavenger-Gunner | -5/Warlord Scavenger-Gunner | -4/Proximity Caves Scavenger-Gunner | -4/Factory Scavenger-Gunner | -3/Research Gunner | -3/DSF Gunner | -2/Research Resources | -11 -10 -10 -9 -9 -8 -7 -7 -6 -6 -6 -5 -5 -5 -5 -4 -4 -3 -3 -2 ----------- Run | Yrd Mat Min Mat Min Mat Fac DSF Fac Gar Fac Fac Upp Upp War Pro Fac Res DSF Res Matter Collected 2339 | 250 240 20 157 28 223 . 230 331 172 149 45 11 20 80 . 55 . 154 174 Remotely . | . . . . . . . . . . . . . . . . . . . . Salvage Created 22161 | . 512 75 966 195 1804 . 835 2127 2395 1425 722 491 1317 143 470 1915 . 433 6336 Parts 977 | . 28 5 75 6 105 . 27 117 71 56 16 23 42 7 23 94 . 42 240 Haulers Intercepted 1 | . . . 1 . . . . . . . . . . . . . . . . Recyclers Shooed 6 | . . . 1 . 3 . . 1 . . 1 . . . . . . . . Parts Field Recycled . | . . . . . . . . . . . . . . . . . . . . Retrieved Matter . | . . . . . . . . . . . . . . . . . . . . Parts Self-Destructed 94 | . . . . . . . . . . . . 23 46 . 25 . . . . Prevented 4 | . . . . . . . . . . . . . 4 . . . . . . Kills | -11 -10 -10 -9 -9 -8 -7 -7 -6 -6 -6 -5 -5 -5 -5 -4 -4 -3 -3 -2 ------- Run | Yrd Mat Min Mat Min Mat Fac DSF Fac Gar Fac Fac Upp Upp War Pro Fac Res DSF Res Combat Hostiles Destroyed 404 | . 13 3 29 5 35 . 13 47 33 22 8 16 29 6 15 33 . 12 85 Guns 366 | . 13 3 28 4 32 . 11 41 29 20 7 15 26 6 15 27 . 12 77 AOE 8 | . . . . . . . . . . . . . . . . 3 . . 5 Classes Destroyed 24 | . 4 1 3 . 5 . 1 3 1 1 . . . 2 1 1 . . 1 Worker 15 | . . . . . 1 . . 5 . 2 1 . . . . . . . 6 Builder 13 | . . . . . 4 . . 1 . 1 . . . . . 1 . . 6 Tunneler 1 | . . . . . . . . . . . . . . . . 1 . . . Hauler 1 | . . . 1 . . . . . . . . . . . . . . . . Recycler 14 | . 2 . 1 . 3 . . . . 1 2 . . . . 2 . . 3 Mechanic 3 | . . . . . . . . 1 . . . . . . . . . . 2 Operator 9 | . 1 . 1 . 3 . . 2 . 1 . . . . . 1 . . . Drone 2 | . . . . . . . . . . . . . . . 2 . . . . Watcher 20 | . . . 4 . 3 . . 4 . 1 4 . . . . 1 . . 3 Swarmer 94 | . 3 1 7 . 6 . . 3 10 3 . 14 5 . 9 12 . 4 17 Cutter 7 | . . . . . . . . 2 . . . . . . . . . 2 3 Saboteur 1 | . . . . . . . . . . . . . . . . . . . 1 Grunt 144 | . 10 1 13 5 17 . 6 28 8 7 3 . 15 1 1 . . 3 26 Brawler 12 | . . . . . . . . . . 3 1 . 1 1 . . . . 6 Duelist 15 | . . . . . 1 . 1 2 . 2 . . 4 . . . . . 5 Protector 2 | . . . . . . . . . . . . . . 1 . . . . 1 Sentry 46 | . . . 9 . 8 . 2 6 6 4 1 1 2 . 1 3 . . 3 Demolisher 3 | . . 1 . . . . . . . . . . . 2 . . . . . Specialist 5 | . . . . . . . 3 . . . . . . . . . . 2 . Hunter 20 | . . . . . 2 . . 1 . . 2 . 1 . . 8 . . 6 Programmer 35 | . . . . . . . . 4 5 2 . . . . 1 9 . . 14 Heavy 7 | . . . . . 1 . 1 1 . 1 . . . . . . . 1 2 Behemoth 8 | . . . . . . . . . 2 . 1 1 1 . 1 1 . . 1 Striker 1 | . . . . . . . . . . . . . . 1 . . . . . Thug 2 | . . . . . . . . . 2 . . . . . . . . . . Best Kill Streak 18 | . 4 1 5 3 8 . 6 10 6 13 4 4 11 4 5 6 . 6 18 Combat Bots Only 14 | . 4 1 4 3 4 . 6 6 6 9 3 4 11 4 5 6 . 6 14 Max Kills in Single Turn 6 | . 2 1 2 1 2 . 2 6 2 2 1 2 2 2 2 4 . 2 5 Gunslinging 2 | . 1 . 1 . 1 . 1 1 1 1 . 1 1 1 1 1 . 1 2 Exploded 3 | . . . . . . . . . . . . . . . . 3 . . 2 Melee . | . . . . . . . . . . . . . . . . . . . . Uniques/NPCs Destroyed . | . . . . . . . . . . . . . . . . . . . . Combat | -11 -10 -10 -9 -9 -8 -7 -7 -6 -6 -6 -5 -5 -5 -5 -4 -4 -3 -3 -2 -------- Run | Yrd Mat Min Mat Min Mat Fac DSF Fac Gar Fac Fac Upp Upp War Pro Fac Res DSF Res Hostile Shots Fired 1997 | . 70 13 95 9 134 . 63 195 192 121 55 53 117 17 51 174 . 77 561 Missed 751 | . 17 3 32 3 23 . 17 84 78 64 26 21 31 6 25 86 . 34 201 Damage Taken 16671 | . 794 365 752 67 1406 . 1251 1545 986 518 379 362 1225 295 183 860 . 583 5100 Core 12855 | . 595 257 547 57 992 . 997 1147 734 410 301 284 965 244 142 670 . 454 4059 Absorbed by Shields 5407 | . . . . . . . . . 170 186 140 136 443 122 173 825 . 511 2701 Redirected to Core 10618 | . 476 216 467 35 757 . 511 971 592 323 262 274 871 164 125 593 . 444 3537 Ignored by Resistances 4566 | . . . 69 11 318 . 165 433 343 168 143 140 295 83 91 369 . 188 1750 Regen/Repaired (Parts) 218 | . . . . . . . . 195 . . . . . . . . . . 23 Core Remaining (%) 85 | 100 . 46 . 97 94 . 58 . . 100 . . . . 97 91 . 82 . Volleys Fired 736 | . 44 6 62 6 70 . 22 81 89 38 27 19 42 12 20 55 . 14 129 Largest 4 | . 2 3 3 3 4 . 4 4 4 4 4 4 4 4 4 4 . 4 4 Hottest 338 | . 100 150 189 189 254 . 244 296 306 306 306 306 312 252 324 338 . 338 260 Shots Fired 2711 | . 88 18 185 18 268 . 85 318 344 139 105 76 168 37 80 216 . 56 510 Gun 2711 | . 88 18 185 18 268 . 85 318 344 139 105 76 168 37 80 216 . 56 510 Cannon . | . . . . . . . . . . . . . . . . . . . . Launcher . | . . . . . . . . . . . . . . . . . . . . Special . | . . . . . . . . . . . . . . . . . . . . Kinetic 38 | . 38 . . . . . . . . . . . . . . . . . . Thermal 2641 | . 50 18 185 18 268 . 85 318 344 139 105 76 168 25 80 216 . 56 490 Explosive . | . . . . . . . . . . . . . . . . . . . . Electromagnetic . | . . . . . . . . . . . . . . . . . . . . Entropic 32 | . . . . . . . . . . . . . . 12 . . . . 20 Robot Hit Streak 52 | . 20 5 18 14 20 . 35 49 52 33 17 10 42 20 14 26 . 15 44 Robot Miss Streak 5 | . 4 4 2 1 3 . 2 1 1 2 3 5 3 2 4 3 . 4 2 Penetration Max 2 | . . . . . . . . . . . . . . 1 . . . . 2 Secondary Targets 115 | . 1 1 6 1 8 . 3 8 7 12 2 4 10 2 6 5 . 4 35 Max Gunslinging Chain 3 | . 1 1 1 1 1 . 1 2 1 2 1 1 2 1 1 1 . 2 3 Shots Hit Robots 1960 | . 65 9 135 15 179 . 69 237 214 108 75 41 135 28 51 153 . 37 409 Core Hits 827 | . 33 3 57 5 78 . 25 115 86 48 25 18 51 16 20 53 . 19 175 Critical Kills 1 | . . . . . . . . . . . . . . . . 1 . . . Critical Parts Destroyed 11 | . . . . . . . . . . . . . . 2 . 3 . . 6 Critical Strikes 149 | . 4 2 9 1 12 . 4 22 31 11 9 3 11 4 6 14 . . 6 Burn 136 | . 4 2 9 1 12 . 4 22 31 11 9 3 11 2 6 9 . . . Destroy 5 | . . . . . . . . . . . . . . . . 5 . . . Detonate 8 | . . . . . . . . . . . . . . 2 . . . . 6 Melee Attacks . | . . . . . . . . . . . . . . . . . . . . Impact . | . . . . . . . . . . . . . . . . . . . . Slashing . | . . . . . . . . . . . . . . . . . . . . Piercing . | . . . . . . . . . . . . . . . . . . . . Sneak Attacks . | . . . . . . . . . . . . . . . . . . . . Combat Hostiles . | . . . . . . . . . . . . . . . . . . . . Follow-up Attacks . | . . . . . . . . . . . . . . . . . . . . Damage Inflicted 67949 | . 898 112 2033 278 3536 . 1704 6400 6144 3652 2754 1421 4629 1421 1821 6489 . 1741 22916 Guns 64122 | . 898 112 2030 270 3523 . 1704 5706 6144 3650 2594 1421 4629 1172 1821 6104 . 1741 20603 Cannons . | . . . . . . . . . . . . . . . . . . . . Explosions 3569 | . . . . . . . . 678 . . 147 . . 249 . 361 . . 2134 Melee . | . . . . . . . . . . . . . . . . . . . . Ramming 258 | . . . 3 8 13 . . 16 . 2 13 . . . . 24 . . 179 Kinetic 453 | . 453 . . . . . . . . . . . . . . . . . . Thermal 65516 | . 445 112 2030 270 3523 . 1704 6384 6144 3650 2739 1421 4629 870 1821 6456 . 1741 21577 Explosive . | . . . . . . . . . . . . . . . . . . . . Electromagnetic 102 | . . . . . . . . . . . 2 . . . . 9 . . 91 Impact . | . . . . . . . . . . . . . . . . . . . . Slashing . | . . . . . . . . . . . . . . . . . . . . Piercing . | . . . . . . . . . . . . . . . . . . . . Entropic 1620 | . . . . . . . . . . . . . . 551 . . . . 1069 Highest Corruption 10 | . . . 1 1 1 . . 4 7 7 . . . . 1 2 . 4 10 Average Corruption 3 | . . . 1 1 1 . . 3 5 7 . . . . 1 1 . 1 4 Corruption Purged . | . . . . . . . . . . . . . . . . . . . . Corruption Blocked 6 | . . . . . . . . 6 . . . . . . . . . . . Effects 202 | . . . 7 8 6 . . 50 67 22 . . . . 2 14 . 2 24 Message Errors 53 | . . . 3 2 1 . . 9 19 9 . . . . 1 2 . 1 6 Matter Fused 49 | . . . . 2 5 . . 14 17 4 . . . . . 1 . 1 5 Heat Flow Errors 23 | . . . 2 . . . . 7 9 3 . . . . . 1 . . 1 Energy Discharges 18 | . . . 1 1 . . . 3 5 2 . . . . 1 2 . . 3 Parts Fused 1 | . . . . . . . . 1 . . . . . . . . . . . Data Loss (minor) 24 | . . . . 2 . . . 7 6 2 . . . . . 3 . . 4 Data Loss (major) 3 | . . . . 1 . . . . 1 . . . . . . 1 . . . Misfires 6 | . . . . . . . . 1 2 2 . . . . . 1 . . . Alerts 6 | . . . . . . . . 4 . . . . . . . 1 . . 1 Weapon Failures 19 | . . . 1 . . . . 4 8 . . . . . . 2 . . 4 Overload Shots . | . . . . . . . . . . . . . . . . . . . . Overflow Damage 547 | . . . . . . . . 155 . . . . . 75 . 95 . . 222 Projectiles . | . . . . . . . . . . . . . . . . . . . . Explosions 531 | . . . . . . . . 155 . . . . . 75 . 95 . . 206 Melee 16 | . . . . . . . . . . . . . . . . . . . 16 Knockbacks 2 | . . . . . . . . . . . . . . . . 1 . . 1 Impact 2 | . . . . . . . . . . . . . . . . 1 . . 1 Kinetic . | . . . . . . . . . . . . . . . . . . . . Secondary . | . . . . . . . . . . . . . . . . . . . . Self-Inflicted Damage 359 | . . . . . . . . . . . . . . 62 . 129 . . 168 Shots 6 | . . . . . . . . . . . . . . 1 . 2 . . 3 Rammed 29 | . . . 1 1 4 . . 4 . . 1 . . . . 2 . . 16 Targets Rammed 31 | . . . 1 1 5 . . 4 . 1 1 . . . . 2 . . 16 Kicked . | . . . . . . . . . . . . . . . . . . . . Crushed 2 | . . . . . 1 . . . . 1 . . . . . . . . . Highest Temperature 2727 | . 222 66 409 45 395 . 2727 230 188 175 21 9 17 . 1 148 . . 300 Average Temperature 100 | . 58 35 60 17 94 . 710 32 23 11 4 3 11 . 1 22 . . 84 Received Heat Transfer 3558 | . 258 . 273 48 585 . 201 534 283 106 95 33 296 25 14 20 . 25 762 Effects 40 | . . . 2 . 2 . 34 . . . . . . . . . . . 2 Shutdowns 6 | . . . . . . . 6 . . . . . . . . . . . . Energy Bleed 8 | . . . . . 2 . 5 . . . . . . . . . . . 1 Interference 5 | . . . . . . . 5 . . . . . . . . . . . . Matter Decay 4 | . . . . . . . 3 . . . . . . . . . . . 1 Short Circuit 3 | . . . . . . . 3 . . . . . . . . . . . . Damage (minor) 4 | . . . 2 . . . 2 . . . . . . . . . . . . Damage (major) 8 | . . . . . . . 8 . . . . . . . . . . . . Damage (core) 2 | . . . . . . . 2 . . . . . . . . . . . . Siege Activations . | . . . . . . . . . . . . . . . . . . . . Robots Corrupted . | . . . . . . . . . . . . . . . . . . . . Combat Hostiles . | . . . . . . . . . . . . . . . . . . . . Parts Fried . | . . . . . . . . . . . . . . . . . . . . Impact Corruptions 2 | . . . . . . . . . . . . . . . . . . . 2 Robots Melted 34 | . . . 1 1 4 . 2 6 7 2 1 1 3 . . 3 . . 3 Combat Hostiles 30 | . . . 1 1 3 . 2 6 4 2 1 1 3 . . 3 . . 3 Parts Melted 286 | . 4 . 21 2 26 . 10 36 40 20 23 7 17 1 4 28 . 2 45 Heat Transferred 89697 | . 1628 481 5661 629 7659 . 2923 11249 12662 5744 4551 2233 7224 696 2331 6810 . 1443 15773 Parts Sabotaged 1 | . . . . . . . . . . . . . 1 . . . . . . Parts Stolen . | . . . . . . . . . . . . . . . . . . . . Parts Stripped . | . . . . . . . . . . . . . . . . . . . . Power Chain Reactions 1 | . . . . . . . . . . . 1 . . . . . . . . Alert | -11 -10 -10 -9 -9 -8 -7 -7 -6 -6 -6 -5 -5 -5 -5 -4 -4 -3 -3 -2 ------- Run | Yrd Mat Min Mat Min Mat Fac DSF Fac Gar Fac Fac Upp Upp War Pro Fac Res DSF Res Peak Influence 2852 | . 190 124 485 259 652 296 497 1404 2289 1728 1475 . . . . 885 469 684 2852 Initial 1201 | . . 42 . 189 . 296 207 260 982 1201 1100 . . . . 18 464 351 384 Average 624 | . 77 42 271 166 375 296 400 437 1761 1539 1256 . . . . 446 464 480 1106 Maximum Alert Level 5 | . . . 2 1 2 1 2 4 5 5 4 . . . . 3 2 2 5 Low Security (%) 29 | 100 100 100 28 54 23 . . 20 . . . . . . . 34 . . . Level 1 23 | . . . 58 45 30 100 39 44 . . . . . . . 18 . 38 1 Level 2 16 | . . . 13 . 46 . 60 12 . . . . . . . 14 100 61 39 Level 3 9 | . . . . . . . . 19 10 . . . . . . 32 . . 21 Level 4 9 | . . . . . . . . 2 17 48 100 . . . . . . . 11 Level 5 10 | . . . . . . . . . 71 48 . . . . . . . . 10 High Security 1 | . . . . . . . . . . 3 . . . . . . . . 15 Max Security . | . . . . . . . . . . . . . . . . . . . . Sterilizations 2 | . . . . . . . 1 . . . . . . . . . . 1 . Squads Dispatched 67 | . 3 . 4 . 5 . 2 14 . 9 3 . 1 . . 6 . 1 19 Investigation 11 | . 1 . 1 . 3 . . 2 . . 1 . . . . 2 . . 1 Extermination 10 | . . . . . . . . 4 . 1 . . . . . 3 . . 2 Reinforcement 22 | . 2 . 3 . 2 . 2 4 . 3 1 . . . . 1 . 1 3 Assault 19 | . . . . . . . . 2 . 2 1 . 1 . . . . . 13 Garrison 5 | . . . . . . . . 2 . 3 . . . . . . . . . Intercept . | . . . . . . . . . . . . . . . . . . . . Searches Triggered . | . . . . . . . . . . . . . . . . . . . . Construction Impeded 2 | . . . . . . . . . . . . . . . . 1 . . 1 Haulers Reinforced . | . . . . . . . . . . . . . . . . . . . . Active Scanning Responses . | . . . . . . . . . . . . . . . . . . . . Cargo Convoy Interrupts 1 | . . . . . . . . 1 . . . . . . . . . . . Stealth | -11 -10 -10 -9 -9 -8 -7 -7 -6 -6 -6 -5 -5 -5 -5 -4 -4 -3 -3 -2 --------- Run | Yrd Mat Min Mat Min Mat Fac DSF Fac Gar Fac Fac Upp Upp War Pro Fac Res DSF Res Distress Signals 17 | . 2 . 4 . 1 . . 3 . . . . . 1 . 2 . . 4 Communications Jammed 256 | . . . . . . . . . . . . . . . . . . . 256 Distress Signals 251 | . . . . . . . . . . . . . . . . . . . 251 Times Spotted 579 | . 30 6 42 4 47 . 13 67 31 33 15 17 33 24 15 41 . 15 146 Peak Tracking Total 20 | . 6 3 4 2 6 . 4 5 7 5 3 4 8 13 5 5 . 4 20 Tactical Retreats 26 | . 2 . 1 . 4 . . 3 1 1 . 1 . 1 . 2 . 2 8 Traps | -11 -10 -10 -9 -9 -8 -7 -7 -6 -6 -6 -5 -5 -5 -5 -4 -4 -3 -3 -2 ------- Run | Yrd Mat Min Mat Min Mat Fac DSF Fac Gar Fac Fac Upp Upp War Pro Fac Res DSF Res Traps Triggered 18 | . 1 . 3 . 2 . 2 2 5 1 . . . . . 1 . . 1 Indirectly . | . . . . . . . . . . . . . . . . . . . . Trap Hack Attempts . | . . . . . . . . . . . . . . . . . . . . Triggered . | . . . . . . . . . . . . . . . . . . . . Disarmed . | . . . . . . . . . . . . . . . . . . . . Reprogrammed . | . . . . . . . . . . . . . . . . . . . . Reused . | . . . . . . . . . . . . . . . . . . . . Traps Extracted . | . . . . . . . . . . . . . . . . . . . . Installed . | . . . . . . . . . . . . . . . . . . . . Triggered 12 | . . . . . . . . 2 . . . . . 10 . . . . . Machines | -11 -10 -10 -9 -9 -8 -7 -7 -6 -6 -6 -5 -5 -5 -5 -4 -4 -3 -3 -2 ---------- Run | Yrd Mat Min Mat Min Mat Fac DSF Fac Gar Fac Fac Upp Upp War Pro Fac Res DSF Res Machines Disabled 55 | . . . 2 . 2 . . 10 4 1 13 . . . . 14 . 1 8 Max in Single Turn 6 | . . . 1 . 1 . . 6 1 1 6 . . . . 4 . 1 2 Garrison Access 1 | . . . . . . . . 1 . . . . . . . . . . . Garrison Relay 1 | . . . . . . . . . 1 . . . . . . . . . . Machines Repaired . | . . . . . . . . . . . . . . . . . . . . Machines Dismantled . | . . . . . . . . . . . . . . . . . . . . Machines Sabotaged . | . . . . . . . . . . . . . . . . . . . . Overloaded Fab Kills . | . . . . . . . . . . . . . . . . . . . . Hacking | -11 -10 -10 -9 -9 -8 -7 -7 -6 -6 -6 -5 -5 -5 -5 -4 -4 -3 -3 -2 --------- Run | Yrd Mat Min Mat Min Mat Fac DSF Fac Gar Fac Fac Upp Upp War Pro Fac Res DSF Res Machines Accessed 42 | . 3 1 5 1 9 1 . 9 2 3 2 . . 3 . 1 1 . 1 Terminals 27 | . 1 . 5 . 8 1 . 5 2 3 . . . . . 1 1 . . Fabricators . | . . . . . . . . . . . . . . . . . . . . Repair Stations 4 | . . . . . . . . 3 . . . . . . . . . . 1 Recycling Units 4 | . 2 . . . 1 . . . . . 1 . . . . . . . . Scanalyzers . | . . . . . . . . . . . . . . . . . . . . Garrison Access 2 | . . . . . . . . 1 . . 1 . . . . . . . . Total Hacks 94 | . 4 1 9 1 22 2 . 25 5 3 9 . . 3 . 5 1 . 4 Successful 56 | . 4 1 8 1 12 1 . 16 2 2 2 . . 3 . . 1 . 3 Failed 38 | . . . 1 . 10 1 . 9 3 1 7 . . . . 5 . . 1 Catastrophic 4 | . . . . . . . . 1 . . 1 . . . . 1 . . 1 Database Lockouts . | . . . . . . . . . . . . . . . . . . . . Manual . | . . . . . . . . . . . . . . . . . . . . Terminals 61 | . 1 . 9 . 21 2 . 14 5 3 . . . . . 5 1 . . Fabricators . | . . . . . . . . . . . . . . . . . . . . Repair Stations 13 | . . . . . . . . 9 . . . . . . . . . . 4 Recycling Units 10 | . 3 . . . 1 . . . . . 6 . . . . . . . . Scanalyzers . | . . . . . . . . . . . . . . . . . . . . Garrison Access 5 | . . . . . . . . 2 . . 3 . . . . . . . . Terminal Hacks 38 | . 1 1 8 1 11 1 . 7 2 2 . . . 3 . . 1 . . Record 1 | . . . . . . . . . . . . . . 1 . . . . . Prototype ID Bank 1 | . . . 1 . . . . . . . . . . . . . . . . Open Door 5 | . . 1 . 1 . . . . 1 . . . . 2 . . . . . Open DSF 4 | . . . . . . 1 . . . 2 . . . . . . 1 . . Branch Access Points 2 | . . . 1 . 1 . . . . . . . . . . . . . . Emergency Access Points 8 | . . . 1 . 5 . . 1 1 . . . . . . . . . . Garrison Index 1 | . . . . . . . . 1 . . . . . . . . . . . Locate Traps 2 | . . . . . . . . 2 . . . . . . . . . . . Recall Extermination 1 | . . . . . . . . 1 . . . . . . . . . . . Zone Layout 13 | . 1 . 5 . 5 . . 2 . . . . . . . . . . . Fabricator Hacks . | . . . . . . . . . . . . . . . . . . . . Repair Station Hacks 11 | . . . . . . . . 8 . . . . . . . . . . 3 Scan Component 7 | . . . . . . . . 5 . . . . . . . . . . 2 Repair 4 | . . . . . . . . 3 . . . . . . . . . . 1 Recycling Unit Hacks 6 | . 3 . . . 1 . . . . . 2 . . . . . . . . Report Inventory 4 | . 2 . . . 1 . . . . . 1 . . . . . . . . Retrieve Components 2 | . 1 . . . . . . . . . 1 . . . . . . . . Scanalyzer . | . . . . . . . . . . . . . . . . . . . . Garrison Access Hacks 1 | . . . . . . . . 1 . . . . . . . . . . . Unlock Access 1 | . . . . . . . . 1 . . . . . . . . . . . Unauthorized Hacks . | . . . . . . . . . . . . . . . . . . . . Terminals . | . . . . . . . . . . . . . . . . . . . . Fabricators . | . . . . . . . . . . . . . . . . . . . . Repair Stations . | . . . . . . . . . . . . . . . . . . . . Recycling Units . | . . . . . . . . . . . . . . . . . . . . Scanalyzers . | . . . . . . . . . . . . . . . . . . . . Garrison Access . | . . . . . . . . . . . . . . . . . . . . Data Cores Recovered 6 | . 1 . . . 2 . . 2 . . . . . . . 1 . . . Used 1 | . . . . . . . . 1 . . . . . . . . . . . Hacking Detections 24 | . 1 . 2 . 7 1 . 8 1 . 2 . . . . 1 . . 1 Full Trace Events 9 | . . . . . 3 . . 2 1 . 1 . . . . 1 . . 1 Feedback Events . | . . . . . . . . . . . . . . . . . . . . Feedback Blocked . | . . . . . . . . . . . . . . . . . . . . Robot Schematics Acquired . | . . . . . . . . . . . . . . . . . . . . Robots Built . | . . . . . . . . . . . . . . . . . . . . Authchips . | . . . . . . . . . . . . . . . . . . . . Time . | . . . . . . . . . . . . . . . . . . . . Total Robot Build Rating . | . . . . . . . . . . . . . . . . . . . . Part Schematics Acquired . | . . . . . . . . . . . . . . . . . . . . Parts Built . | . . . . . . . . . . . . . . . . . . . . Authchips . | . . . . . . . . . . . . . . . . . . . . Time . | . . . . . . . . . . . . . . . . . . . . Total Part Build Rating . | . . . . . . . . . . . . . . . . . . . . Parts Repaired 4 | . . . . . . . . 3 . . . . . . . . . . 1 Time 157 | . . . . . . . . 141 . . . . . . . . . . 16 Parts Recycled . | . . . . . . . . . . . . . . . . . . . . Recycled Matter . | . . . . . . . . . . . . . . . . . . . . Retrieved Matter . | . . . . . . . . . . . . . . . . . . . . Retrieved Components 13 | . 10 . . . . . . . . . 3 . . . . . . . . Parts Scanalyzed . | . . . . . . . . . . . . . . . . . . . . Part Schematics Acquired . | . . . . . . . . . . . . . . . . . . . . Parts Damaged . | . . . . . . . . . . . . . . . . . . . . Bothacking | -11 -10 -10 -9 -9 -8 -7 -7 -6 -6 -6 -5 -5 -5 -5 -4 -4 -3 -3 -2 ------------ Run | Yrd Mat Min Mat Min Mat Fac DSF Fac Gar Fac Fac Upp Upp War Pro Fac Res DSF Res Used RIF Installer . | . . . . . . . . . . . . . . . . . . . . Robots Hacked . | . . . . . . . . . . . . . . . . . . . . Non-combat . | . . . . . . . . . . . . . . . . . . . . Combat . | . . . . . . . . . . . . . . . . . . . . Robot Hacks Applied . | . . . . . . . . . . . . . . . . . . . . Relay Couplers Released 3 | . . . . . . . . . 3 . . . . . . . . . . Machine Destruction 2 | . . . . . . . . . 2 . . . . . . . . . . Programmers 1 | . . . . . . . . . 1 . . . . . . . . . . Fabnet Peak Effective % . | . . . . . . . . . . . . . . . . . . . . Robots Rewired . | . . . . . . . . . . . . . . . . . . . . Allies Hacked . | . . . . . . . . . . . . . . . . . . . . Hacks Repelled . | . . . . . . . . . . . . . . . . . . . . Allies | -11 -10 -10 -9 -9 -8 -7 -7 -6 -6 -6 -5 -5 -5 -5 -4 -4 -3 -3 -2 -------- Run | Yrd Mat Min Mat Min Mat Fac DSF Fac Gar Fac Fac Upp Upp War Pro Fac Res DSF Res Total Allies 2 | . . 2 . . . . . . . . . . . . . . . . . Largest Group 2 | . . 2 2 . . . . . . . . . . . . . . . . Highest-Rated Group 45 | . . 45 45 . . . . . . . . . . . . . . . . Highest-Rated Ally 31 | . . 31 31 . . . . . . . . . . . . . . . . Total Orders . | . . . . . . . . . . . . . . . . . . . . Ally Attacks 13 | . . 6 7 . . . . . . . . . . . . . . . . Total Damage 207 | . . 103 104 . . . . . . . . . . . . . . . . Kills 5 | . . 3 2 . . . . . . . . . . . . . . . . Allies Corrupted . | . . . . . . . . . . . . . . . . . . . . Allies Melted . | . . . . . . . . . . . . . . . . . . . . Intel | -11 -10 -10 -9 -9 -8 -7 -7 -6 -6 -6 -5 -5 -5 -5 -4 -4 -3 -3 -2 ------- Run | Yrd Mat Min Mat Min Mat Fac DSF Fac Gar Fac Fac Upp Upp War Pro Fac Res DSF Res Robot Analysis Total . | . . . . . . . . . . . . . . . . . . . . Derelict Logs Recovered 10 | . . 2 . 2 . . . . . . . 2 3 . 1 . . . . Drone Launches . | . . . . . . . . . . . . . . . . . . . . Drone Recoveries . | . . . . . . . . . . . . . . . . . . . . Exploration | -11 -10 -10 -9 -9 -8 -7 -7 -6 -6 -6 -5 -5 -5 -5 -4 -4 -3 -3 -2 ------------- Run | Yrd Mat Min Mat Min Mat Fac DSF Fac Gar Fac Fac Upp Upp War Pro Fac Res DSF Res Turns Passed 21909 | 71 1485 1141 1893 877 1810 48 427 3020 1999 688 639 1066 1142 1257 865 1480 120 332 1549 Spaces Moved 11102 | 45 772 701 970 523 878 31 200 1423 983 318 306 617 575 711 493 764 72 155 565 Core 7 | 7 . . . . . . . . . . . . . . . . . . . Treads 11095 | 38 772 701 970 523 878 31 200 1423 983 318 306 617 575 711 493 764 72 155 565 Legs . | . . . . . . . . . . . . . . . . . . . . Wheels . | . . . . . . . . . . . . . . . . . . . . Hover . | . . . . . . . . . . . . . . . . . . . . Flight . | . . . . . . . . . . . . . . . . . . . . Fastest Speed 50 | 50 160 160 160 160 160 160 160 160 160 160 160 160 160 160 160 160 160 160 160 Average Speed 160 | 142 160 160 160 160 160 160 161 165 160 160 160 160 160 160 160 160 160 160 160 Slowest Speed 240 | 160 160 160 160 160 160 160 240 240 160 160 160 160 160 160 160 160 160 160 160 Overloaded Moves . | . . . . . . . . . . . . . . . . . . . . Propulsion Burnouts . | . . . . . . . . . . . . . . . . . . . . Robots Hopped . | . . . . . . . . . . . . . . . . . . . . Cave-ins Triggered . | . . . . . . . . . . . . . . . . . . . . Exploration Rate (%) 58 | 4 97 97 96 97 79 2 95 39 83 16 13 79 74 83 75 22 2 94 25 Regions Visited 19 Branch Regions 6 Pre-discovered Areas 4 | . . 1 . 1 . . . . . . . 2 . . . . . . . Known Exits Taken 7 | . . . 1 1 . 1 . 1 . . . . 1 . 1 . 1 . . Unknown Exits Taken 9 | 1 1 1 . . 1 . . . . 1 1 1 . 1 . 1 . . . Scrap Searched 8 | . . 1 . 3 . . . . . . . 2 2 . . . . . . Spaces Dug . | . . . . . . . . . . . . . . . . . . . . Terrain Destroyed 425 | . . . . . 9 . . 31 . 15 48 24 27 29 28 97 . 14 103 Melee . | . . . . . . . . . . . . . . . . . . . . Projectile 265 | . . . . . 9 . . . . 15 22 24 27 26 28 27 . 14 73 AOE 160 | . . . . . . . . 31 . . 26 . . 3 . 70 . . 30 Terrain Rammed . | . . . . . . . . . . . . . . . . . . . . Walls Destroyed . | . . . . . . . . . . . . . . . . . . . . Machines Disabled . | . . . . . . . . . . . . . . . . . . . . Actions | -11 -10 -10 -9 -9 -8 -7 -7 -6 -6 -6 -5 -5 -5 -5 -4 -4 -3 -3 -2 --------- Run | Yrd Mat Min Mat Min Mat Fac DSF Fac Gar Fac Fac Upp Upp War Pro Fac Res DSF Res Total 13407 | 49 933 708 1173 549 1107 30 251 1875 1190 408 390 649 695 809 523 906 77 206 879 Wait 699 | . 82 . 54 10 75 . 4 239 28 16 26 . 10 41 . 44 6 2 62 Move 11082 | 44 771 700 969 522 877 30 199 1422 981 317 305 616 574 710 492 763 71 154 565 Hop . | . . . . . . . . . . . . . . . . . . . . Pick Up 12 | . . . . . . . . . 1 . 2 1 2 6 . . . . . Fast Attach 113 | 5 10 . 12 2 15 . 5 15 13 5 . . . 2 . 7 . 13 9 Attach 13 | . . . . . . . . . . . 3 1 2 6 . . . . 1 Detach 2 | . . . . . . . . . . . . . . 2 . . . . . Swap 18 | . 1 1 5 . 4 . 3 2 . . . . . . . . . . 2 Drop 111 | . 8 1 15 2 13 . 6 12 13 3 3 1 1 6 . 6 . 13 8 Fire 736 | . 44 6 62 6 70 . 22 81 89 38 27 19 42 12 20 55 . 14 129 Melee . | . . . . . . . . . . . . . . . . . . . . Ram . | . . . . . . . . . . . . . . . . . . . . Kick . | . . . . . . . . . . . . . . . . . . . . Crush 31 | . . . 1 1 5 . . 4 . 1 1 . . . . 2 . . 16 Escape Stasis . | . . . . . . . . . . . . . . . . . . . . Rewire . | . . . . . . . . . . . . . . . . . . . . Trap . | . . . . . . . . . . . . . . . . . . . . Miscellaneous 590 | . 17 . 55 6 48 . 12 100 65 28 23 11 64 24 11 29 . 10 87 Route ------- -11/Scrapyard -10/Materials (discovered 4 exits: *Mat x3 / *Min) -10/Mines (discovered 2 exits: *Mat x2) -9/Materials (discovered 6 exits: *Mat x3 / *Min x2 / *Sto) -9/Mines (discovered 2 exits: *Mat x2) -8/Materials (discovered 3 exits: *Fac x3) -7/Factory -7/DSF -6/Factory (discovered 2 exits: *Fac / Gar) -6/Garrison (discovered 3 exits: *Fac x3) -6/Factory (discovered 3 exits: *Fac x2 / [*Low]) -5/Factory -5/Upper Caves -5/Upper Caves (discovered 2 exits: Fac / *War) -5/Warlord -4/Proximity Caves -4/Factory -3/Research -3/DSF -2/Research (discovered 1 exit: [*Acc]) History --------- Turn | Location | Event 1 | -11/Scrapyard | Upgraded with Propulsion slot (x1) 1 | -11/Scrapyard | Upgraded with Utility slot (x1) 1 | -11/Scrapyard | Upgraded with Weapon slot (x1) 3 | -11/Scrapyard | Discovered new exit (range 15) 72 | -11/Scrapyard | Entered Materials 255 | -10/Materials | Discovered new exit (range 13) 339 | -10/Materials | Build established: Mutant 1100 | -10/Materials | Discovered new exit (range 8) 1289 | -10/Materials | Discovered new exit (range 16) 1458 | -10/Materials | Reached level 2 1509 | -10/Materials | Upgraded with Weapon slot (x1) 1533 | -10/Materials | Discovered new exit (range 16) 1557 | -10/Materials | Entered Mines 1577 | -10/Mines | Learned location of Zion (-6) 1822 | -10/Mines | Build established: Gunner 1834 | -10/Mines | Learned Materials emergency access door positions 1840 | -10/Mines | Met a Derelict who couldn't figure out how to use a Trap Extractor 1869 | -10/Mines | Assembled infested the area 1981 | -10/Mines | Discovered new exit (range 8) 2057 | -10/Mines | Core integrity fell below 50% 2164 | -10/Mines | Discovered new exit (range 5) 2447 | -10/Mines | Found a hidden stash of uninstalled traps 2698 | -10/Mines | Entered Materials 2698 | -9/Materials | Accompanied by 2 allies 2699 | -9/Materials | Core integrity fell below 50% 2700 | -9/Materials | Reached level 3 2703 | -9/Materials | Led the pair of lost Derelicts to an unsafe place 2737 | -9/Materials | Reached level 4 2908 | -9/Materials | Discovered new exit (range 4) 3055 | -9/Materials | Upgraded with Utility slot (x1) 3165 | -9/Materials | Build established: Scavenger-Tank 3169 | -9/Materials | Discovered new exit (range 9) 3257 | -9/Materials | Reached level 5 3294 | -9/Materials | Upgraded with Utility slot (x1) 3470 | -9/Materials | Discovered new exit (range 16) 3672 | -9/Materials | Discovered new exit (range 20) 3856 | -9/Materials | Reached level 6 3876 | -9/Materials | Identified exit to Mines 3876 | -9/Materials | Identified exit to Storage 4206 | -9/Materials | Build established: Hacker-Tank 4317 | -9/Materials | Discovered new exit (range 8) 4473 | -9/Materials | Discovered new exit (range 16) 4591 | -9/Materials | Entered Mines 4593 | -9/Mines | Reached level 7 4614 | -9/Mines | Upgraded with Utility slot (x1) 4630 | -9/Mines | Discovered new exit (range 6) 4793 | -9/Mines | Identified exit to Materials 4845 | -9/Mines | Build established: Tank 5068 | -9/Mines | Received a Rocket Launcher from a helpful Derelict 5402 | -9/Mines | Found the Drone Emporium 5410 | -9/Mines | Found Prototype Device 5410 | -9/Mines | Identified Decoy Drone Bay 5468 | -9/Mines | Entered Materials 5470 | -8/Materials | Reached level 8 5746 | -8/Materials | Reached level 9 5749 | -8/Materials | Upgraded with Weapon slot (x1) 6075 | -8/Materials | Reached level 10 6141 | -8/Materials | Discovered new exit (range 10) 6250 | -8/Materials | Build established: Hacker-Tank 6392 | -8/Materials | Discovered new exit (range 13) 6718 | -8/Materials | Discovered new exit (range 8) 6744 | -8/Materials | Reached level 11 7278 | -8/Materials | Entered Factory 7280 | -7/Factory | Reached level 12 7326 | -7/Factory | Identified exit to DSF 7326 | -7/Factory | Entered DSF 7328 | -7/DSF | Reached level 13 7341 | -7/DSF | Upgraded with Propulsion slot (x1) 7359 | -7/DSF | Additional patrols routed to DSF 7495 | -7/DSF | Reached level 14 7499 | -7/DSF | Sterilization system engaged 7519 | -7/DSF | Ambient heat levels rising (+10) 7528 | -7/DSF | Discovered new exit (range 16) 7534 | -7/DSF | Ambient heat levels rising (+10) 7549 | -7/DSF | Ambient heat levels rising (+10) 7564 | -7/DSF | Ambient heat levels rising (+10) 7579 | -7/DSF | Ambient heat levels rising (+10) 7594 | -7/DSF | Ambient heat levels rising (+10) 7609 | -7/DSF | Ambient heat levels rising (+10) 7624 | -7/DSF | Ambient heat levels rising (+10) 7639 | -7/DSF | Ambient heat levels rising (+10) 7654 | -7/DSF | Ambient heat levels rising (+10) 7669 | -7/DSF | Ambient heat levels rising (+10) 7684 | -7/DSF | Ambient heat levels rising (+10) 7699 | -7/DSF | Ambient heat levels rising (+10) 7714 | -7/DSF | Ambient heat levels rising (+10) 7729 | -7/DSF | Ambient heat levels rising (+10) 7744 | -7/DSF | Ambient heat levels rising (+10) 7753 | -7/DSF | Entered Factory 7755 | -6/Factory | Reached level 15 7878 | -6/Factory | Discovered new exit (range 11) 8111 | -6/Factory | Repaired Broken Med. Treads 8486 | -6/Factory | Build established: Scavenger-Tank 8559 | -6/Factory | Spotted B-75 Beast 8601 | -6/Factory | Cargo convoy interrupted 8620 | -6/Factory | Reached level 16 8938 | -6/Factory | Build established: Hacker-Tank 8952 | -6/Factory | Repaired Broken Med. Treads 9404 | -6/Factory | Reached level 17 9455 | -6/Factory | Build established: Scavenger-Tank 10123 | -6/Factory | Reached level 18 10299 | -6/Factory | Build established: Hacker-Tank 10549 | -6/Factory | Repaired Plasma Rifle 10553 | -6/Factory | First assault squad dispatched 10651 | -6/Factory | Garrison activated, responded to threat 10757 | -6/Factory | Reached level 19 10771 | -6/Factory | Identified exit to Garrison 10773 | -6/Factory | Entered Garrison 10781 | -6/Garrison | Spotted B-86 Titan 10841 | -6/Garrison | Triggered checkpoint 11015 | -6/Garrison | Spotted B-75 Beast 11017 | -6/Garrison | Destroyed B-75 Beast 11027 | -6/Garrison | Triggered checkpoint 11111 | -6/Garrison | Triggered checkpoint 11141 | -6/Garrison | Triggered checkpoint 11143 | -6/Garrison | Triggered checkpoint 11302 | -6/Garrison | Build established: Scavenger-Tank 11333 | -6/Garrison | Triggered checkpoint 11395 | -6/Garrison | Discovered new exit (range 5) 11440 | -6/Garrison | Spotted B-75 Beast 11448 | -6/Garrison | Destroyed B-75 Beast 11678 | -6/Garrison | Discovered new exit (range 7) 11699 | -6/Garrison | Triggered checkpoint 11728 | -6/Garrison | Garrison Relay disabled 11859 | -6/Garrison | Reached level 20 11870 | -6/Garrison | Upgraded with Power slot (x1) 12399 | -6/Garrison | Triggered checkpoint 12484 | -6/Garrison | Discovered new exit (range 12) 12635 | -6/Garrison | Attempted to access garrison exit controls, blocked by remote lockdown 12772 | -6/Garrison | Entered Factory 12873 | -6/Factory | Garrison activated, responded to threat 12882 | -6/Factory | Discovered new exit (range 10) 12952 | -6/Factory | Destroyed 9 combat bots 13103 | -6/Factory | Discovered new exit (range 16) 13122 | -6/Factory | First assault squad dispatched 13433 | -6/Factory | Discovered new exit (range 10) 13438 | -6/Factory | High security lockdown imminent 13460 | -6/Factory | Entered another Factory area 13462 | -5/Factory | Reached level 21 13465 | -5/Factory | Upgraded with Propulsion slot (x1) 13681 | -5/Factory | Build established: Scavenger-Gunner 13910 | -5/Factory | Spotted B-75 Beast 13914 | -5/Factory | Reached level 22 13935 | -5/Factory | Destroyed B-75 Beast 14015 | -5/Factory | Discovered new exit (range 4) 14060 | -5/Factory | First assault squad dispatched 14099 | -5/Factory | Entered Upper Caves 14105 | -5/Upper Caves | Met a Warlord Commander 14106 | -5/Upper Caves | Learned location of Warlord (-5) 14107 | -5/Upper Caves | Warlord Commander delivered Encrypted Comm Array 14425 | -5/Upper Caves | Attracted the attention of an 0b10 checkpoint 14447 | -5/Upper Caves | Learned Factory terminal intel 14573 | -5/Upper Caves | Learned location of Armory (-3) 14756 | -5/Upper Caves | Spotted B-75 Beast 14770 | -5/Upper Caves | Destroyed B-75 Beast 14845 | -5/Upper Caves | Discovered new exit (range 16) 14849 | -5/Upper Caves | Encountered a Warlord checkpoint 15165 | -5/Upper Caves | Entered another Upper Caves area 15269 | -5/Upper Caves | Attracted the attention of an 0b10 outpost 15331 | -5/Upper Caves | Reached level 23 15355 | -5/Upper Caves | Destroyed 11 combat bots 15512 | -5/Upper Caves | Spotted B-75 Beast 15517 | -5/Upper Caves | Identified exit to Warlord 15529 | -5/Upper Caves | Destroyed B-75 Beast 15653 | -5/Upper Caves | Encountered a Warlord checkpoint 15703 | -5/Upper Caves | Attracted the attention of an 0b10 checkpoint 15913 | -5/Upper Caves | Identified exit to Factory 16199 | -5/Upper Caves | Learned Factory terminal intel 16307 | -5/Upper Caves | Entered Warlord 16721 | -5/Warlord | Opened side exit 16752 | -5/Warlord | Discovered new exit (range 15) 16950 | -5/Warlord | Warlord's base attacked by MAIN.C 16976 | -5/Warlord | Found Prototype Energy Gun 16978 | -5/Warlord | Found Prototype Energy Gun 16985 | -5/Warlord | Identified Vortex Rail (x2) 17300 | -5/Warlord | Warlord forces counterattacked 17342 | -5/Warlord | Spotted Striker 17373 | -5/Warlord | Destroyed Striker 17410 | -5/Warlord | Lost 4 allies 17468 | -5/Warlord | Spotted Striker 17505 | -5/Warlord | Lost 8 allies 17550 | -5/Warlord | Spotted Executioner 17564 | -5/Warlord | Entered Proximity Caves 17566 | -4/Proximity Caves | Reached level 24 17785 | -4/Proximity Caves | Spotted B-86 Titan 17797 | -4/Proximity Caves | Destroyed B-86 Titan 17813 | -4/Proximity Caves | Learned Research stockpile data 17959 | -4/Proximity Caves | Attracted the attention of an 0b10 checkpoint 18102 | -4/Proximity Caves | Discovered exit to Factory (range 9) 18429 | -4/Proximity Caves | Entered Factory 18430 | -4/Factory | Loaded intel: 26 terminal locations 18575 | -4/Factory | Reached level 25 18578 | -4/Factory | Upgraded with Power slot (x1) 18736 | -4/Factory | Spotted B-86 Titan 18756 | -4/Factory | Destroyed B-86 Titan 19524 | -4/Factory | Discovered new exit (range 4) 19704 | -4/Factory | Reached level 26 19909 | -4/Factory | Entered Research 19911 | -3/Research | Reached level 27 20010 | -3/Research | Identified exit to DSF 20029 | -3/Research | Entered DSF 20049 | -3/DSF | Additional patrols routed to DSF 20300 | -3/DSF | Sterilization system engaged 20301 | -3/DSF | Discovered new exit (range 14) 20320 | -3/DSF | Ambient heat levels rising (+10) 20335 | -3/DSF | Ambient heat levels rising (+10) 20350 | -3/DSF | Ambient heat levels rising (+10) 20361 | -3/DSF | Entered Research 20363 | -2/Research | Reached level 28 20363 | -2/Research | Reached level 29 20421 | -2/Research | Build established: Gunner 20550 | -2/Research | Discovered new exit (range 13) 20793 | -2/Research | Spotted B-90 Cyclops 20867 | -2/Research | Reached level 30 20867 | -2/Research | Destroyed B-90 Cyclops 21010 | -2/Research | Repaired Imp. Particle Charger 21111 | -2/Research | First assault squad dispatched 21344 | -2/Research | Destroyed 8 combat bots 21375 | -2/Research | Reached level 31 21463 | -2/Research | Specialist reinforcements revealed to be Infiltrators 21540 | -2/Research | Destroyed 14 combat bots 21631 | -2/Research | Spotted B-90 Cyclops 21668 | -2/Research | High security lockdown imminent 21682 | -2/Research | Reached level 32 21737 | -2/Research | Destroyed 12 combat bots 21748 | -2/Research | High security lockdown engaged 21885 | -2/Research | Core integrity fell below 50% 21889 | -2/Research | Spotted Executioner 21903 | -2/Research | Core integrity fell below 20% 21903 | -2/Research | System corruption reached 10% 21910 | -2/Research | Destroyed by G-73 Enforcer with Heavy Laser Last Messages --------------- W-44 Eye distress signal jammed. I-47 Archangel distress signal jammed. Penetrated by Slug. W-44 Eye distress signal jammed. I-47 Archangel distress signal jammed. W-44 Eye distress signal jammed. System corrupted: Component data lost. Vortex penetrates H-88 Terminator. C-30 ARC bursts open, deploying its payload. G-73 Enforcer unfolds itself. L-61 Swordsman unfolds itself. M-36 Artificer unfolds itself. W-44 Eye distress signal jammed. I-47 Archangel distress signal jammed. Penetrated by Slug. W-44 Eye distress signal jammed. [Achievement: 20k Club] [Achievement: 30k Club] [Achievement: 40k Club] [Achievement: Torch] Map ----- +----------------------------------------------------+ | ?????????????????????????????????????????????????? | | ?????????????????????????????????????????????????? | | ?????????????????????????????????????????????????? | | ?????????????????????????????????????????????????? | | ?????????????????????????????????????????????????? | | ?????????????????????????????????????????????????? | | ?????????????????????????????????????????????????? | | ?????????????????????????????????????????????????? | | ?????????????????????????????????????????????????? | | ?????????????????????????????????????????????????? | | ????????????????????????? ???????????????????????? | | ?????????????????????????m??? ???????????????????? | | ?????????????????????????l?##;#;;????????????????? | | ?????????????????????????g# ??????????????? | | ????????????????????????? ; ?;????????????? | | ????????????????????????#% % " #????????????? | | ????????????????????????# !%[ " ?????????????? | | ????????????????????????# ; =!w ??????????????? | | ??????????????????????### % E ???????????????? | | ?????????????????????## i !h ????????????????? | | ????????????????????## ?????????????????? | | ????????????????????# %% ;########???????????? | | ?????????????????????# #???????????? | | ?????????????????????# % #???????????? | | ?????????????????????# %% """ ?????????????? | | ?????????????????????# @* """ +???????????? | | ?????????????????????## % """ #???????????? | | ??????????????????????## w #???????????? | | ???????????????????????;;ggg gg #???????????? | | ?????????????????????? ;#!*""" """ #???????????? | | ????????????????????? ;#=% """ #???????????? | | ????????????????????? #;=g* """ #???????????? | | ???????????????????? #]*%%! #???????????? | | ??????????????????? ] #;!=%/* #???????????? | | ??????????????????# ";;;%%/;##+####???????????? | | ??????????????????# # ;=%! ##### ?????? | | ?????????##???????; # % * ?????? | | ????????# ????? ;;;#+# ?????? | | ????????? ! ?????; ##### ?????? | | ?????????? ????#^ % #?????????????? | | ???????????? !???# "?????????????? | | ???????#######"#### !! # ????????????? | | ?????? !! ! #? ???????????? | | ?????? #?????????????? | | ????? #?????????????? | | ?????? [ #?????????????? | | #????##??######## !%%####+##########?????????????? | | #??## ###???????# [=#= #??????????????????? | | ####"##"######### !#%! #??????????????????? | | "%" % !*"!! #??????????????????? | +----------------------------------------------------+ Best States ------------- Heat Dissipation 151 Energy Generation 105 Energy Capacity 1145 Matter Stores 300 Matter Capacity 300 Sight Range 16 Robot Scan Range 8 Terrain Scan Density 10 Jamming Range 14 Power Amplification 20 Armor Coverage 450 Resistance: KI 30 Resistance: TH 20 Resistance: EX 20 Phase Shifting 10 Evasion (%) 50 Recoil Reduction 4 Particle Charging 30 Offensive Hacking 20 Defensive Hacking 5 Item Schematics ----------------- None Robot Schematics ------------------ None Fabricated ------------ Nothing Alien Tech Used ----------------- None Achievements -------------- 20k Club 30k Club 40k Club Charge!!! Dangerous Findings Giant Slayer I'm Back, Baby! More Power To You Oh No You Don't! Pyromaniac Respectable Loadout Torch Challenges ------------ None RPGLIKE | -11 -10 -10 -9 -9 -8 -7 -7 -6 -6 -6 -5 -5 -5 -5 -4 -4 -3 -3 -2 --------- Run | Yrd Mat Min Mat Min Mat Fac DSF Fac Gar Fac Fac Upp Upp War Pro Fac Res DSF Res Levels Raised 31 | . 1 . 4 1 4 1 2 5 1 . 2 . 1 . 1 2 1 . 5 XP Earned 50379 | 3000 1550 1237 5892 1100 5923 1500 2594 7210 1737 798 2086 816 1014 379 1419 2435 1399 1258 7032 XP Spent 47955 | 2700 1770 . 5760 1400 6325 1500 3020 7270 1250 . 3445 . 1500 . 1550 800 3675 . 5990 Upgrades 118 | 11 5 . 17 1 18 10 10 15 3 . 8 . 2 . 1 1 6 . 10 Power Slot 2 | . . . . . . . . . 1 . . . . . . 1 . . . Propulsion Slot 3 | 1 . . . . . . 1 . . . 1 . . . . . . . . Utility Slot 4 | 1 . . 2 1 . . . . . . . . . . . . . . . Weapon Slot 3 | 1 1 . . . 1 . . . . . . . . . . . . . . Core Integrity 38 | 6 . . 2 . . 10 8 8 . . 4 . . . . . . . . Heat Dissipation 21 | . 2 . 3 . 6 . . 2 . . . . . . . . . . 8 Energy Generation 8 | . 2 . . . . . . 2 . . . . 1 . 1 . 1 . 1 Energy Storage 10 | . . . . . 2 . . . . . 3 . . . . . 5 . . Inventory Capacity 2 | . . . . . . . . . 2 . . . . . . . . . . Sensor Range 4 | . . . . . 4 . . . . . . . . . . . . . . Ranged Accuracy 6 | 2 . . 2 . . . . 1 . . . . . . . . . . 1 Hack Defense % 1 | . . . . . . . . . . . . . 1 . . . . . . KI Resistance % 4 | . . . 2 . 1 . . 1 . . . . . . . . . . . TH Resistance % 4 | . . . 2 . 1 . . 1 . . . . . . . . . . . EX Resistance % 4 | . . . 2 . 1 . 1 . . . . . . . . . . . . TH Damage % 4 | . . . 2 . 2 . . . . . . . . . . . . . . Protomatter Created 6450 | . 151 . 538 97 523 . 140 1063 626 349 226 99 589 136 158 357 . 294 1104 Integrity Restored 12719 | . 369 . 1150 132 1022 . 261 2182 1353 582 466 239 1404 505 222 618 . 219 1995 Core 10348 | . 369 . 930 132 958 . 261 1912 764 410 301 239 1010 214 118 516 . 219 1995 Parts 2371 | . . . 220 . 64 . . 270 589 172 165 . 394 291 104 102 . . . Protomatter Decayed 2129 | . . 75 69 53 128 . . 290 130 151 18 6 221 525 81 83 . 12 287 Game ------ Seed RocketAdvancedWell Manual? 0 Play Time 02:43:08 Cumulative 23.3 hours Start 2024.06.15 @ 12:13:44 End 2024.06.15 @ 15:07:12 Sessions 1 Manual Loads 0 Difficulty Rogue Special Mode Winter2019/RPGLIKE Game No. 40 Rogue 40 Adventurer 0 Explorer 0 Win Type - Total 0 Types 0/0/0/0/0/0/0/0/0 Lore% 7 Gallery% 20 Achievement% 21 Wizard Run 0 Options --------- Layout 0 ASCII 0 Keyboard 0 Movement Mouse Keybinds 0 Fullscreen 1 Font 18/SmallcapsGlow Map View 38x25 Zoom Use 99% Tactical HUD 0 Map Filters NONE Filters NONE Steam 1 RUN: 260ee757-3369-4774-8403-0ab277797039